 Dungeon Crawl Stone Soup version 0.31-a0-229-g1fc7ce9 (webtiles) character file.

Game seed: 17910942307796535870

674 Dawnplanks the Gusty (level 7, 0/36 HPs)
             Began as a Tengu Air Elementalist on July 6, 2023.
             Was an Initiate of Vehumet.
             Slain by an orc priest
             ... wielding a +0 whip
              (3 damage)
             ... on level 4 of the Dungeon.
             The game lasted 00:06:22 (5263 turns).

Dawnplanks the Gusty (Tengu Air Elementalist)       Turns: 5263, Time: 00:06:23

Health: 0/36       AC:  6    Str:  8    XL:     7   Next: 59%
Magic:  13/15      EV: 14    Int: 17    God:    Vehumet [......]
Gold:   135        SH:  0    Dex: 15    Spells: 9/15 levels left

rFire   + . .        q - +0 short sword
rCold   . . .        (no shield)
rNeg    + . .        u - +3 leather armour {rF+}
rPois   +            (helmet restricted)
rElec   .            (no cloak)
rCorr   .            (no gloves)
SInv    .            (boots unavailable)
Will    .....        (no amulet)
Stlth   ++           j - ring of positive energy
HPRegen 0.26/turn    s - ring of poison resistance
MPRegen 0.14/turn

%: no passive effects
@: brilliant, flying quickly and evasively, quick
A: beak, talons 3, nimble flight
a: Renounce Religion


You were on level 4 of the Dungeon.
You worshipped Vehumet.
Vehumet was noncommittal.
You visited 2 branches of the dungeon, and saw 6 of its levels.

You collected 135 gold pieces.

Inventory:

Hand Weapons
 q - a +0 short sword (weapon)
Armour
 a - a +0 robe
 c - a +2 robe of fire resistance
 u - a +3 leather armour of fire resistance (worn)
Jewellery
 j - a ring of positive energy (left hand)
 s - a ring of poison resistance (right hand)
Scrolls
 d - a scroll of revelation {unknown}
 f - a scroll of immolation {unknown}
 g - a scroll of silence {unknown}
 h - 2 scrolls of enchant armour {unknown}
 k - a scroll of torment {unknown}
 m - 2 scrolls of poison {unknown}
 n - 7 scrolls of identify {unknown}
 o - 2 scrolls of fog {unknown}
 p - 2 scrolls of summoning {unknown}
 r - a scroll of amnesia {unknown}
 t - a scroll of brand weapon {unknown}
 w - a scroll of fear {unknown}
Potions
 b - a potion of mutation {unknown}
 e - a potion of brilliance
 l - 2 potions of resistance {unknown}
 v - a potion of degeneration {unknown}
 x - a potion of lignification {unknown}
 z - a potion of haste {unknown}


   Skills:
 - Level 2.1 Armour
 + Level 3.0 Dodging
 - Level 2.1 Stealth
 + Level 4.8 Spellcasting
 + Level 4.9 Conjurations
 + Level 6.7 Air Magic


You had 9 spell levels left.
You knew the following spells:

 Your Spells              Type           Power      Damage    Failure   Level
a - Shock                 Conj/Air       100%       1d9       1%          1
b - Static Discharge      Conj/Air       70%        2-5/arc   2%          2
c - Swiftness             Air            40%        N/A       3%          3

Your spell library contained the following spells:

 Spells                   Type           Power      Damage    Failure   Level
 Cigotuvi's Dreadful Rot  Necr/Pois/Air  34%        N/A       12%         2
 Airstrike                Air            20%        2d(3-19)  13%         4
 Ignite Poison            Fire/Tmut/Pois 6%         N/A       52%         3
 Freezing Cloud           Conj/Ice/Air   13%        6-21      75%         5


Dungeon Overview and Level Annotations

Branches:
Dungeon (5/15)             Temple (1/1) D:4

Altars:
Cheibriados
Dithmenos
Gozag
Kikubaaqudgha
Qazlal
Ru
Sif Muna
Vehumet
Yredelemnul
Zin

Annotations:
D:2 1 runed translucent door, Crazy Yiuf
D:4 1 runed translucent door, TWOBALLS's ghost, amateur VSFi


Innate Abilities, Weirdness & Mutations

You have a beak for a mouth.
You have claws for feet.
Your magical nature lets you fly swiftly and evasively.


Message History

Unknown command.
It was a potion of brilliance.
You feel clever all of a sudden. The orc priest closely misses you.
The orc priest misses you.
You hear some strange, mumbled words.
A puff of flame appears from out of thin air!
The puff of flame hits you. You resist.
It was a potion of curing.
You feel better. The orc priest misses you. The orc priest barely misses you.
Something hits you.
Casting: Shock (safe; 1% risk of failure)
Confirm with . or Enter, or press ? or * to list all spells.
You feel a surge of power!
The orc priest is struck by an arc of lightning.
The orc priest is lightly wounded.
You are struck by an arc of lightning.
The orc priest is struck by an arc of lightning.
The orc priest is moderately wounded.
You are struck by an arc of lightning.
The lightning grounds out.
The orc priest hits you with a +0 hand axe.
The orc priest calls down the wrath of Beogh upon you.
Beogh smites you!
* * * LOW HITPOINT WARNING * * *
Something hits you but does no damage.
You feel better.
The orc priest hits you with a +0 hand axe.
* * * LOW HITPOINT WARNING * * *
The orc priest barely misses you. Something barely misses you.
Casting: Static Discharge (safe; 2% risk of failure)
Confirm with . or Enter, or press ? or * to list all spells.
You feel a surge of power!
The orc priest is struck by an arc of lightning.
You kill the orc priest!
Vehumet accepts your kill.
Something is struck by an arc of lightning.
You are struck by an arc of lightning.
* * * LOW HITPOINT WARNING * * *
The orc priest is struck by an arc of lightning.
The orc priest is heavily wounded.
The lightning grounds out.
The orc priest hits you with a +0 whip.
You die...

#..........# #.~.#####
#..........# #W~.# ##########.#
##+## ##################.#
#...# #.........##.......#
#...#
#.#######.##.#####.#####.## #.#
#.##.# #.......# #.#
#.##.#####.#####.# #.#
#....o@)##.# #.# #.#
#..#.##{##.#####.###### #.# ###
#......................
#.###.###....##..........#####.
#..^.#...................# #.
#####........##.#........# #.
## ###......##..........# #. .#
##...#.####.......## ## .#
##.##.# #.......#


You could see an orc priest.

Vanquished Creatures
  Eustachio (D:4)
  2 ogres (D:4)
  Blork the orc (D:4)
  A scorpion (D:4)
  A hound (D:4)
  An orc priest (D:4)
  A jelly (D:4)
  Natasha (thrice) (D:4)
  4 adders
  A dart slug (D:1)
  3 orcs
  5 bats
  6 endoplasms
  3 giant cockroaches
  3 goblins
  3 hobgoblins
  4 jackals (D:1)
  A quokka (D:1)
  5 ball pythons
  6 frilled lizards
  11 kobolds
  8 rats
74 creatures vanquished.

Notes
Turn   | Place    | Note
-------+----------+-------------------------------------------
     0 | D:1      | Dawnplanks the Tengu Air Elementalist began the quest for
                  | the Orb.
     0 | D:1      | Reached XP level 1. HP: 10/10 MP: 4/4
   237 | D:1      | Reached XP level 2. HP: 15/15 MP: 1/6
   643 | D:1      | Reached XP level 3. HP: 15/19 MP: 1/7
  1601 | D:2      | Learned a level 2 spell: Static Discharge
  1773 | D:2      | Found a runed translucent door.
  1774 | D:2      | Noticed Crazy Yiuf
  2014 | D:2      | Learned a level 3 spell: Swiftness
  2328 | D:2      | Reached skill level 5 in Air Magic
  2328 | D:2      | Reached XP level 4. HP: 24/24 MP: 5/9
  2953 | D:3      | Found a faded altar of an unknown god.
  3058 | D:3      | Found a shadowy altar of Dithmenos.
  3058 | D:3      | Found a shimmering blue altar of Sif Muna.
  3240 | D:3      | Found a glowing silver altar of Zin.
  3432 | D:3      | Found a sacrificial altar of Ru.
  3599 | D:4      | Noticed Natasha
  3609 | D:4      | Killed Natasha
  3693 | D:4      | Found a runed translucent door.
  3699 | D:4      | Noticed TWOBALLS's ghost (amateur VSFi)
  3720 | D:4      | Noticed Natasha
  3730 | D:4      | Killed Natasha
  3731 | D:4      | Gained mutation: Your magical nature lets you fly swiftly
                  | and evasively. [Tengu growth]
  3731 | D:4      | Reached XP level 5. HP: 25/28 MP: 3/11
  3985 | D:4      | Noticed Natasha
  3997 | D:4      | Killed Natasha
  4080 | D:4      | Noticed Eustachio
  4095 | D:4      | Killed Eustachio
  4096 | D:4      | Reached skill level 1 in Armour
  4096 | D:4      | Reached XP level 6. HP: 25/32 MP: 9/13
  4168 | D:4      | Reached skill level 6 in Air Magic
  4252 | D:4      | Noticed Blork the orc
  4258 | D:4      | Reached XP level 7. HP: 36/36 MP: 8/14
  4307 | D:4      | Killed Blork the orc
  4432 | D:4      | Found a staircase to the Ecumenical Temple.
  4437 | Temple   | Entered the Ecumenical Temple
  4502 | Temple   | Became a worshipper of Vehumet
  5253 | D:5      | Entered Level 5 of the Dungeon
  5263 | D:4      | Slain by an orc priest

Illustrated notes

Levels and vault maps discovered:
D:1:      lemuel_arrival_rhombus, layout_basic, serial_bayou_pond_c
D:2:      minmay_razor_zed, layout_loops_corners, fountainhead,
          chequers_serial_rivers_small_b, minmay_liquid_box,
          uniq_crazy_yiuf_cottage
D:3:      layout_loops_corners, mainiacjoe_overflow_cross_hatched,
          lemuel_coloured_pillars_altar, gammafunk_temple_overflow_elements,
          ebering_ecumenical_altar_petrified
D:4:      layout_loops_corners, temple_doors_e, ebering_ghost_reflecting_pool,
          corexii_leaking_fountain, uniq_blork_the_orc, uniq_natasha,
          uniq_eustachio
D:5:      layout_loops_ring, lemuel_doored_altar, mainiacjoe_overflow_catwalk,
          uniq_edmund
Temple:   minmay_temple_curvy_loop

Skill      XL: |  1  2  3  4  5  6  7 |
---------------+----------------------+-----
Conjurations   | 2 3 4 |  4.9
Air Magic      | 5 6 |  6.7
Spellcasting   | 3 4 |  4.8
Armour         | 1 2 |  2.1
Dodging        | 3 |  3.0
Stealth        | |  2.1

Action                     |  1- 3 |  4- 6 |  7- 9 || total
---------------------------+-------+-------+-------++-------
  Melee: Unarmed           |    20 |       |       ||    20
         Kick              |     7 |     4 |     1 ||    12
         Peck              |     2 |     2 |     1 ||     5
         Short sword       |     1 |     8 |     2 ||    11
   Cast: Shock             |    75 |    73 |    33 ||   181
         Static Discharge  |       |       |     2 ||     2
    Use: Potion            |       |     1 |     3 ||     4
 Armour: Robe              |    18 |     1 |       ||    19
         Leather armour    |       |     5 |     4 ||     9
  Dodge: Dodged            |    18 |    23 |    12 ||    53

Table legend: (Time is in decaauts)
 A = Elapsed time spent in this place.
 B = Non-inter-level travel time spent in this place.
 C = Inter-level travel time spent in this place.
 D = Time resting spent in this place.
 E = Time spent auto-exploring this place.
 F = Levels seen in this place.
 G = Mean time per level.
                   A        B        C        D        E       F      G
               +--------+--------+--------+--------+--------+-----+--------+
         Total |   5179 |   5023 |    156 |     37 |   4510 |   6 |  863.2 |
       Dungeon |   5083 |   4967 |    116 |     37 |   4458 |   5 | 1016.6 |
        Temple |     96 |     57 |     39 |      0 |     52 |   1 |   96.0 |
               +--------+--------+--------+--------+--------+-----+--------+

Top non-repeatable levels by time:
     D:4: 1490 daAuts
     D:2: 1374 daAuts
     D:1: 1227 daAuts
     D:3: 987 daAuts
  Temple: 96 daAuts
     D:5: 2 daAuts
